Map: Hard Lead LE

Players

frugs

  • Race: Zerg Zerg
  • League: Master
  • Spawn Location: 5:00

SpUdUnKeL - Winner!

  • Race: Terran Terran
  • League: Master
  • Spawn Location: 11:00

VOD

Have the link to the VOD?

Description

Time

  • Played on: Oct. 7, 2023, 5:55 p.m.
  • Length: 6:17
Show
View Real Time Build Order
Export as new Build Order

frugs Zerg 

Build Orders: Hatch First 

Get SALT Encoding   

  12  0:00  Drone  
  13  0:11  Drone  
  14  0:14  Extractor, Drone  
  15  0:36  Hatchery  
  15  0:41  Extractor  
  15  0:42  Drone  
  14  0:48  Overlord  
  15  1:03  Spawning Pool  
  14  1:07  Drone  
  14  1:09  Drone  
  16  1:13  Drone  
  17  1:19  Drone  
  18  1:28  Drone  
  19  1:44  Overlord  
  19  1:50  Queen x2  
  19  1:51  Drone  
  24  1:54  Drone  
  25  2:03  Drone x2  
  27  2:11  Drone  
  27  2:12  Drone  
  29  2:21  Overlord  
  29  2:25  Drone  
  30  2:32  Queen  
  30  2:33  Queen  
  30  2:34  Drone x2  
  36  2:44  Drone, Overlord  
  37  2:53  Drone  
  37  2:55  Drone  
  39  3:00  Drone x2  
  39  3:01  Drone x3  
  39  3:02  Overlord  
  44  3:07  Drone  
  44  3:11  Hatchery  
  44  3:16  Drone x2, Extractor  
  44  3:18  Drone  
  46  3:22  Extractor  
  46  3:24  Extractor, Queen  
  46  3:32  Drone x2  
  46  3:33  Roach Warren  
  47  3:37  Drone x3  
  50  3:42  Drone  
  50  3:48  Drone  
  52  3:54  Overlord  
  52  3:55  Drone  
  52  3:56  Drone x2  
  55  4:04  Drone  
  55  4:07  Lair  
  55  4:08  Drone x3  
  59  4:15  Evolution Chamber  
  58  4:17  Evolution Chamber  
  58  4:20  Roach x4  
  58  4:23  Drone  
  66  4:25  Extractor  
  66  4:26  Spore Crawler  
  66  4:27  Spore Crawler  
  63  4:31  Roach x2  
  63  4:33  Drone  
  68  4:40  Queen  
  68  4:43  Roach x2  
  74  4:50  Overlord  
  74  4:51  Overlord  
  74  4:53  Overlord  
  74  5:02  Overlord  
  74  5:07  Overlord  
  74  5:10  Drone x3  
  77  5:15  Drone  
  77  5:16  Overseer  
  78  5:23  Drone x2  
  80  5:34  Queen  
  80  5:36  Drone  
  80  5:37  Drone x6  
  80  5:39  Overseer  
  80  5:42  Drone x3  
  90  5:49  Roach x3  
  96  5:55  Roach  
  96  5:56  Roach x2  
Show
View Real Time Build Order
Export as new Build Order

SpUdUnKeL Terran - Winner!

Build Orders: 2 Factory, Hellion Opening, Reaper Expand 

Get SALT Encoding   

  12  0:00  SCV  
  13  0:12  SCV  
  14  0:17  Supply Depot  
  14  0:24  SCV  
  15  0:38  SCV  
  15  0:39  Barracks  
  16  0:44  Refinery  
  16  0:50  SCV  
  17  1:03  SCV  
  18  1:15  SCV  
  19  1:28  Orbital Command, Reaper  
  20  1:41  Command Center  
  20  1:51  Supply Depot  
  20  1:55  SCV  
  21  2:02  Marine  
  21  2:06  Factory  
  22  2:10  SCV  
  23  2:15  Refinery  
  23  2:22  SCV  
  23  2:24  Barracks Reactor  
  24  2:35  SCV  
  25  2:47  SCV  
  26  2:54  Orbital Command, Factory  
  26  2:59  SCV  
  27  3:06  Supply Depot  
  27  3:11  SCV  
  28  3:14  Factory  
  28  3:16  Hellion  
  28  3:17  Hellion  
  32  3:20  SCV  
  32  3:24  Barracks Reactor  
  33  3:28  SCV  
  34  3:37  Hellion  
  34  3:38  Hellion  
  34  3:40  SCV  
  39  3:41  SCV  
  39  3:45  Factory Tech Lab  
  40  3:52  SCV  
  40  3:53  SCV  
  42  3:59  Hellion x2  
  46  4:04  SCV  
  46  4:08  Hurricane Engines  
  49  4:12  SCV  
  49  4:15  Supply Depot  
  49  4:16  SCV  
  51  4:21  Hellion, Supply Depot  
  53  4:27  Cyclone  
  53  4:32  SCV  
  53  4:36  Cyclone x3, SCV, Marine  
  62  4:44  Cyclone  
  62  4:45  SCV  
  65  4:48  SCV  
  65  4:50  Supply Depot  
  65  4:51  Supply Depot  
  66  4:57  SCV  
  66  4:58  Marine  
  68  5:00  SCV  
  69  5:10  Cyclone x4  
  77  5:16  Cyclone  
  79  5:22  Supply Depot  
  79  5:24  Supply Depot  
  79  5:42  Cyclone  
  81  5:44  Cyclone  
  81  5:45  Cyclone  
  85  5:55  Refinery  
  85  5:56  Command Center  
  83  5:59  Refinery  
Tags
 
Add a new tag
Caveats
  • Supply blocks, unpowered buildings, or Contaminate may cause inaccurate times.
  • Supply counts are checked every 10 seconds.